AoeStats
← Leo31

Arabia

510190253Analyzed
2v2 RM · 2d ago on Sep 29, 2026· 36m 37s· 4 players
Game mode
Random Map
Map size
Medium (4 player)
Population
200
Speed
Normal
Resources
Standard
Victory
Conquest
Starting age
Dark Age
Ending age
Imperial Age
RankedLock teamsTeams togetherTeam positionsShared explorationLock speedFull tech treeHidden civsTurbo modeCheats
Victory
Defeat
🇫🇷 Cumans · France
1426
+13
🇫🇷 Maya · France
1345
+17
🇨🇴 Bohemians · Colombia
1356
-15
🇨🇴 Lithuanians · Colombia
1355
-15
Leo31
5:32 Loom
8:20 Feudal Age
8:55 Double-Bit Axe
13:35 Forging
17:21 Scale Barding Armor
17:38 Horse Collar
19:45 Bloodlines
22:31 Wheelbarrow
26:13 Castle Age
24:42 Gold Mining
25:56 Fletching
26:09 Town Watch
26:15 Light Cavalry
26:56 Husbandry
27:43 Iron Casting
27:53 Chain Barding Armor
28:31 Heavy Plow
36:42 Hand Cart
eiage12
6:24 Loom
9:13 Feudal Age
9:46 Double-Bit Axe
12:27 Fletching
16:02 Padded Archer Armor
16:29 Horse Collar
26:23 Castle Age
27:06 Bodkin Arrow
30:12 Crossbowman
Baptou the WololOnager
6:31 Loom
8:40 Feudal Age
9:35 Double-Bit Axe
9:34 Horse Collar
15:05 Forging
16:29 Wheelbarrow
17:56 Town Watch
18:33 Scale Barding Armor
23:04 Bloodlines
27:56 Castle Age
26:30 Gold Mining
28:14 Light Cavalry
29:35 Iron Casting
29:21 Chain Barding Armor
29:50 Bow Saw
33:21 Fervor
33:22 Heavy Plow
34:53 Stone Mining
Zamyst
0:25 Loom
9:31 Feudal Age
10:26 Double-Bit Axe
13:44 Fletching
19:17 Wheelbarrow
19:34 Padded Archer Armor
28:02 Castle Age
28:04 Horse Collar
28:17 Gold Mining
28:56 Bodkin Arrow
28:26 Crossbowman
29:11 Thumb Ring
30:55 Leather Archer Armor
31:03 Ballistics
36:01 Imperial Age
36:54 Bracer
36:22 Arbalester
Connection lost

Rejoining the realm…

Still unreachable

The connection could not be restored.

Session expired

The server has moved on; the page needs a fresh start.